 Seeded DCSS version 0.28.0-45-g0d030f2227 (webtiles) character file.

Game seed: 14021428855244816699 (custom seed)

13 NinjaNoafa the Stinger (level 2, -1/20 HPs)
             Began as a Draconian Venom Mage on Apr 19, 2022.
             Frozen to death by an endoplasm (4 damage)
             ... on level 1 of the Dungeon.
             The game lasted 00:00:40 (622 turns).

NinjaNoafa the Stinger (Draconian Venom Mage)        Turns: 622, Time: 00:00:41

Health: -1/20      AC:  4    Str: 10    XL:     2   Next: 24%
Magic:  2/5        EV: 12    Int: 15    God:
Gold:   24         SH:  0    Dex: 11    Spells: 4/5 levels left

rFire   . . .      SeeInvis .   a - +0 dagger
rCold   . . .      Faith    .   (no shield)
rNeg    . . .      Spirit   .   (armour unavailable)
rPois   .          Reflect  .   (helmet restricted)
rElec   .          Harm     .   (no cloak)
rCorr   .          Rampage  .   (no gloves)
Will    .....                   (no boots)
Stlth   ++........              (no amulet)
HPRegen 0.06/turn               (no ring)
MPRegen 0.09/turn               (no ring)

@: slowed, very slow
A: AC +4, unfitting armour, cold-blooded
a: no special abilities


You were on level 1 of the Dungeon.
You visited 1 branch of the dungeon, and saw 1 of its levels.

You collected 24 gold pieces.

Inventory:

Hand Weapons
 a - a +0 dagger (weapon)


   Skills:
 + Level 2.0 Dodging
 - Level 2.0 Stealth
 + Level 2.1 Spellcasting
 + Level 1.3 Transmutations
 + Level 3.1 Poison Magic


You had 4 spell levels left.
You knew the following spells:

 Your Spells              Type           Power      Damage    Failure   Level
a - Sting                 Tmut/Pois      32%        1d4       9%          1

Your spell library contained the following spells:

 Spells                   Type           Power      Damage    Failure   Level
 Poisonous Vapours        Pois/Air       12%        N/A       17%         2
 Mephitic Cloud           Conj/Pois/Air  4%         N/A       38%         3
 Olgreb's Toxic Radiance  Pois           11%        N/A       52%         4


Dungeon Overview and Level Annotations

Branches:
Dungeon (1/15)

Altars:


Innate Abilities, Weirdness & Mutations

Your plain brown scales are hard. (AC +4)
You cannot fit into any form of body armour.
You are cold-blooded and may be slowed by cold attacks.


Message History

The jackal bites you but does no damage.
You hit the jackal.
The jackal is almost dead.
The jackal barely misses you.
The endoplasm hits you but does no damage.
You hit the jackal but do no damage.
The jackal is almost dead.
The jackal bites you. The endoplasm hits you. The jackal barely misses you.
You closely miss the jackal.
You tail-slap the jackal, but do no damage.
The jackal is almost dead.
The jackal barely misses you. The endoplasm freezes you.
You are frozen.
Casting: Sting (safe; 9% risk of failure)
Confirm with . or Enter, or press ? or * to list all spells.
Aiming: Sting (safe; 9% risk of failure)
Press: ? - help, Shift-Dir - straight line, f - jackal
Aim: a jackal (almost dead, 60% to hit)
The sting hits the jackal.
The jackal is poisoned.
You kill the jackal!
The endoplasm hits you.
Casting: Sting (safe; 9% risk of failure)
Confirm with . or Enter, or press ? or * to list all spells.
Aiming: Sting (safe; 9% risk of failure)
Press: ? - help, Shift-Dir - straight line, f - endoplasm
Aim: an endoplasm (97% to hit)
The sting hits the endoplasm.
The endoplasm is poisoned.
The endoplasm is lightly wounded.
The endoplasm freezes you.
You are frozen.
* * * LOW HITPOINT WARNING * * *
The endoplasm looks more healthy.
The endoplasm freezes you.
You are frozen.
* * * LOW HITPOINT WARNING * * *
You feel yourself slow down. The endoplasm freezes you.
You are frozen.
You die...

.... .......
....... .........
#### #........#
..... ##........##
......##..........#
#...@..........#
#.###J.........# ##
#..........# #.
#..........# ##.
##........# ##..
#....†...#####..#
#..###..........#.
#.####............
...................


You could see an endoplasm.

Vanquished Creatures
  A ball python (D:1)
  2 endoplasms (D:1)
  A giant cockroach (D:1)
  2 goblins (D:1)
  2 jackals (D:1)
  A kobold (D:1)
  A rat (D:1)
10 creatures vanquished.

Notes
Turn   | Place    | Note
-------+----------+-------------------------------------------
     0 | D:1      | NinjaNoafa the Draconian Venom Mage began the quest for the
                  | Orb.
     0 | D:1      | Reached XP level 1. HP: 14/14 MP: 3/3
   381 | D:1      | Reached XP level 2. HP: 8/20 MP: 3/5
   622 | D:1      | Frozen to death by an endoplasm

Illustrated notes

Levels and vault maps discovered:
D:1:      kennysheep_arrival_seaside, layout_rooms, minmay_vboxes

Skill      XL: |  1  2 |
---------------+-------+-----
Stealth        | 2 |  2.0
Dodging        | 2 |  2.0
Spellcasting   | |  2.1
Transmutations | |  1.3
Poison Magic   | |  3.1

Action                   || total
-------------------------++-------
Melee: Unarmed           ||     9
       Dagger            ||    15
       Tailslap          ||     3
       Punch             ||     1
 Cast: Sting             ||    11
Armor: Skin              ||     9
Dodge: Dodged            ||    24
